 Dungeon Crawl Stone Soup version 0.18.1-48-g4cf74bf (webtiles) character file.

1302 Elystan the Geomancer (level 8, 53/53 HPs)
             Began as a Formicid Earth Elementalist on Aug 15, 2016.
             Was an Initiate of Okawaru.
             Quit the game on level 5 of the Dungeon.
             The game lasted 00:21:08 (4706 turns).

Elystan the Geomancer (Formicid Earth Elementalist) Turns: 4706, Time: 00:21:08

Health: 53/53      AC:  2    Str: 18    XL:     8   Next: 87%
Magic:  16/18      EV: 13    Int: 22    God:    Okawaru [......]
Gold:   186        SH:  0    Dex: 16    Spells: 3 memorised, 15 levels left

rFire  . . .     SeeInvis +     b - 22 stones
rCold  . . .     Gourm    .     a - +0 robe
rNeg   . . .     Faith    .     (no shield)
rPois  .         Spirit   .     (helmet unavailable)
rElec  .         Dismiss  .     (no cloak)
rCorr  .         Reflect  .     (no gloves)
SustAt .         Harm     .     j - +0 pair of boots
MR     .....                    (no amulet)
Stlth  ++........               (no ring)
                                r - +5 ring of dexterity

@: mighty, brilliant, not resistant to hostile enchantments, unstealthy
A: permanent stasis, dig shafts and tunnels, four strong arms, antennae 3,
deformed body, no device heal 1, subdued magic 1, MP-powered wands
a: Dig, Shaft Self, Renounce Religion


You were on level 5 of the Dungeon.
You worshipped Okawaru.
Okawaru was noncommittal.
You were not hungry.

You visited 2 branches of the dungeon, and saw 6 of its levels.

You collected 186 gold pieces.

Inventory:

Hand Weapons
 i - a +0 hand axe
 x - a +1 whip of flaming
Missiles
 b - 22 stones (in hand)
Armour
 a - a +0 robe (worn)
 j - a +0 pair of boots (worn)
Jewellery
 r - a +5 ring of dexterity (left hand)
Scrolls
 e - 2 scrolls of teleportation {unknown}
 l - 3 scrolls of enchant weapon
 m - a scroll of random uselessness {unknown}
 n - a scroll of noise {unknown}
 p - a scroll of remove curse {unknown}
Potions
 g - 2 potions of invisibility
 h - 4 potions of curing
 o - a potion of cancellation
 q - a potion of degeneration
Books
 c - a book of Geomancy

   Spells                             Type                      Level
   a - Sandblast                      Earth                        1
   b - Passwall                       Transmutation/Earth          2
   c - Stone Arrow                    Conjuration/Earth            3
   d - Petrify                        Transmutation/Earth          4
   e - Lee's Rapid Deconstruction     Earth                        5
Comestibles
 d - 4 bread rations
 f - 2 meat rations
 u - a beef jerky


   Skills:
 + Level 0.9 Fighting
 + Level 2.9 Dodging
 + Level 3.4 Stealth
 + Level 7.1 Spellcasting
 + Level 1.2 Transmutations
 + Level 8.7 Earth Magic


You had 15 spell levels left.
You knew the following spells:

 Your Spells              Type           Power        Failure   Level  Hunger
a - Stone Arrow           Conj/Erth      ####..       1%          3    None
b - Sandblast             Erth           #####.       1%          1    None
w - Passwall              Trmt/Erth      ####......   1%          2    None


Dungeon Overview and Level Annotations

Branches:
Dungeon (5/15)             Temple (1/1) D:5

Altars:
Ashenzari
Cheibriados
Fedhas
Kikubaaqudgha
Makhleb
Nemelex Xobeh
Okawaru
Pakellas
Ru
Sif Muna
Trog
Vehumet
Xom
Yredelemnul
Zin
The Shining One


Innate Abilities, Weirdness & Mutations

You are under a permanent stasis effect.
You can dig through walls and to a lower floor.
Your four strong arms can wield two-handed weapons with a shield.
You have a pair of large antennae on your head (SInv).
Armour fits poorly on your strangely shaped body.
Potions and wands are less effective at restoring your health.
Your spells are a little easier to cast, but a little less powerful.
You expend magic power (3 MP) to strengthen your wands.


Message History

Identify which item? (\ to view known items) (? for menu, Esc to quit)
As you read the scroll of identify, it crumbles to dust.
h - 4 potions of curing Read which item? (? for menu, Esc to quit)
Identify which item? (\ to view known items) (? for menu, Esc to quit)
As you read the scroll of identify, it crumbles to dust.
o - a potion of cancellation Read which item? (? for menu, Esc to quit)
Identify which item? (\ to view known items) (? for menu, Esc to quit)
As you read the scroll of identify, it crumbles to dust.
q - a potion of degeneration Drink which item? (? for menu, Esc to quit)
It was a potion of haste.
Your stasis keeps you stable.
Drink which item? (? for menu, Esc to quit)
It was a potion of might.
You feel very mighty all of a sudden.
Drink which item? (? for menu, Esc to quit)
It was a potion of brilliance.
You feel clever all of a sudden.
Are you sure you want to abandon this character and quit the game? (Confirm with "yes".)

## . . . .............. #
.... ............. ##.....
............
......#####...#..... ..
#....##PPP##.......##...
..#..#P...P#.....)......
###..#P.>.P#............##
.....#P...P##...@## .....
.###.##P.P####....#
##.#... ......##'##
##...###....... .........#
#...#...##..# ...<..##.###
#.#.........#
.....###...##
#.#.........#
......###...#
#####.......##
...##...#.### ##.#.......#
....[......# +..#........


There were no monsters in sight!

Vanquished Creatures
  Pikel (D:5)
  Edmund (D:4)
  An ice beast (D:5)
  A phantom (D:4)
  A sky beast (D:5)
  A scorpion (D:4)
  A centaur zombie (D:5)
  2 hounds (D:4)
  A giant frog zombie (D:5)
  Jessica (D:2)
  An iguana (D:4)
  Natasha (thrice) (D:2)
  Robin (D:3)
  3 adders
  2 worms
  3 dart slugs
  3 giant geckos
  2 orcs
  A ball python (D:2)
  12 bats
  6 giant cockroaches
  18 goblins
  13 hobgoblins
  2 jackals (D:2)
  2 quokkas
  5 giant newts
  7 kobolds
  5 rats
100 creatures vanquished.

Vanquished Creatures (others)
  An adder (D:5)
  An orc (D:5)
2 creatures vanquished.

Grand Total: 102 creatures vanquished

Notes
Turn   | Place    | Note
--------------------------------------------------------------
     0 | D:1      | Elystan the Formicid Earth Elementalist began the quest for the Orb.
     0 | D:1      | Reached XP level 1. HP: 13/13 MP: 3/3
   171 | D:1      | Reached XP level 2. HP: 19/19 MP: 1/5
   294 | D:1      | Reached skill level 4 in Earth Magic
   597 | D:1      | Reached XP level 3. HP: 24/24 MP: 4/6
  1338 | D:2      | Noticed Jessica
  1346 | D:2      | Killed Jessica
  1346 | D:2      | Reached XP level 4. HP: 27/30 MP: 2/8
  1406 | D:2      | Learned a level 3 spell: Stone Arrow
  1426 | D:2      | Reached skill level 5 in Earth Magic
  1459 | D:2      | Found a sparkling altar of Nemelex Xobeh.
  1488 | D:2      | Noticed Natasha
  1493 | D:2      | Killed Natasha
  1493 | D:2      | Reached XP level 5. HP: 35/35 MP: 0/10
  1673 | D:2      | Noticed Natasha
  1676 | D:2      | Killed Natasha
  1803 | D:2      | Noticed Natasha
  1808 | D:2      | Killed Natasha
  2254 | D:3      | Learned a level 2 spell: Passwall
  2355 | D:3      | Noticed Robin
  2386 | D:3      | Killed Robin
  2386 | D:3      | Reached XP level 6. HP: 36/41 MP: 0/12
  2411 | D:3      | You fall through a shaft!
  2695 | D:4      | Reached skill level 6 in Earth Magic
  2836 | D:3      | Found a shimmering altar of Xom.
  3012 | D:3      | Found a sacrificial altar of Ru.
  3395 | D:4      | Found a glowing silver altar of Zin.
  3410 | D:4      | Noticed Edmund
  3417 | D:4      | Killed Edmund
  3417 | D:4      | Reached skill level 5 in Spellcasting
  3417 | D:4      | Reached XP level 7. HP: 35/46 MP: 6/14
  3978 | D:4      | Reached skill level 7 in Earth Magic
  4296 | D:5      | Entered Level 5 of the Dungeon
  4303 | D:5      | Reached XP level 8. HP: 46/53 MP: 8/17
  4375 | D:5      | Noticed Pikel
  4417 | D:5      | Killed Pikel
  4417 | D:5      | Reached skill level 8 in Earth Magic
  4582 | D:5      | Found a staircase to the Ecumenical Temple.
  4591 | Temple   | Entered the Ecumenical Temple
  4599 | Temple   | Became a worshipper of Warmaster Okawaru
  4692 | D:5      | Gained mutation: You are clumsy. (Dex -2) [mutagenic meat]
  4693 | D:5      | Gained mutation: You expend magic power (3 MP) to strengthen your wands. [mutagenic meat]
  4694 | D:5      | Gained mutation: Your spells are a little easier to cast, but a little less powerful. [mutagenic meat]
  4695 | D:5      | Gained mutation: Potions and wands are less effective at restoring your health. [mutagenic meat]
  4696 | D:5      | Gained mutation: Armour fits poorly on your strangely shaped body. [mutagenic meat]
  4697 | D:5      | Lost mutation: You are clumsy. (Dex -2) [mutagenic meat]
  4706 | D:5      | Quit the game

Skill      XL: |  1  2  3  4  5  6  7  8 |
---------------+-------------------------+-----
Dodging        | 2 |  2.9
Earth Magic    | 4 5 6 7 8 |  8.7
Spellcasting   | 3 4 5 6 7 |  7.1
Stealth        | 3 |  3.4
Fighting       | |  0.9
Transmutations | |  1.2

Action                   |  1- 3 |  4- 6 |  7- 9 || total
-------------------------+-------+-------+-------++-------
 Cast: Sandblast         |    36 |    89 |    38 ||   163
       Passwall          |       |     2 |       ||     2
       Stone Arrow       |       |     1 |     6 ||     7
 Abil: Dig               |     2 |     2 |       ||     4
       Shaft Self        |       |     1 |       ||     1
  Use: Scroll            |       |       |     5 ||     5
       Potion            |       |       |     3 ||     3
  Eat: Chunk             |     2 |     7 |    10 ||    19
Armor: Robe              |     3 |     5 |     2 ||    10
Dodge: Dodged            |     6 |    25 |    12 ||    43
